 Dungeon Crawl Stone Soup version 0.24.0-123-gd5b16e6ec5 (webtiles) character file.

Game seed: 14671322096349680974, levelgen mode: deterministic

106 Ereth the Chopper (level 4, 0/40 HPs)
             Began as a Hill Orc Fighter on Dec 27, 2019.
             Succumbed to Sigmund's poison
             ... on level 3 of the Dungeon.
             The game lasted 00:06:36 (2412 turns).

Ereth the Chopper (Hill Orc Fighter)                Turns: 2412, Time: 00:06:37

Health: 0/40       AC:  8    Str: 19    XL:     4   Next: 84%
Magic:  4/4        EV:  7    Int:  8    God:
Gold:   120        SH:  0    Dex: 10    Spells: 3/3 levels left

rFire    . . .     SeeInvis .   a - +0 war axe
rCold    + . .     Gourm    .   c - +0 shield
rNeg     . . .     Faith    .   b - +0 scale mail
rPois    .         Spirit   .   m - +0 helmet
rElec    .         Reflect  .   (no cloak)
rCorr    .         Harm     .   (no gloves)
MR       .....                  (no boots)
Stlth    ..........             (no amulet)
HPRegen  0.13/turn              j - ring of protection from cold
MPRegen  0.09/turn              (no ring)

@: confused, lethally poisoned (0 -> -32), berserk cooldown, slowed, very slow
A: no striking features
a: no special abilities


You were on level 3 of the Dungeon.
You were not hungry.

You visited 1 branch of the dungeon, and saw 3 of its levels.

You collected 120 gold pieces.

Inventory:

Hand Weapons
 a - a +0 war axe (weapon)
Armour
 b - a +0 scale mail (worn)
 c - a +0 shield (worn)
 m - a +0 helmet (worn)
Jewellery
 j - a ring of protection from cold (left hand)
Scrolls
 e - 2 scrolls of teleportation {unknown}
 h - 5 scrolls of remove curse
 l - a scroll of identify
Potions
 d - 3 potions of might
 k - a potion of berserk rage
 n - a potion of resistance {unknown}
 o - a potion of haste {unknown}
Comestibles
 f - 4 rations
 i - a chunk of flesh


   Skills:
 + Level 4.1 Fighting
 + Level 4.4 Axes
 + Level 4.1 Armour
 + Level 0.7 Dodging
 + Level 3.7 Shields


You had 3 spell levels left.
You didn't know any spells.
Your spell library was empty.

Dungeon Overview and Level Annotations

Branches:
Dungeon (3/15)

Altars:
Makhleb
Nemelex Xobeh

Annotations:
D:3 Sigmund


Message History

You feel sick.
You hear some strange, mumbled words.
A puff of flame appears from out of thin air!
The puff of flame hits you.
* * * LOW HITPOINT WARNING * * *
You bump into the rock wall.
You feel a strong urge to attack something.
You are no longer berserk.
You are exhausted.
You feel yourself slow down.
* * * LOW HITPOINT WARNING * * *
You feel sick. Something hits you but does no damage.
You are more poisoned.
You bump into the rock wall.
* * * LOW HITPOINT WARNING * * *
You feel very sick.
You hear some strange, mumbled words.
Something tries to affect you, but you resist.
You bump into the rock wall.
You die...

############
#.# # #.# #
#.# # #.# #
#.# # #.# #
#.# # #.#
#@# #{# #.#
#.. #...
#.... #.####
#.# #.#


There were no monsters in sight!

Vanquished Creatures
  Robin (D:2)
  2 adders (D:2)
  2 oozes (D:1)
  4 dart slugs
  An orc (D:3)
  2 giant cockroaches (D:2)
  12 goblins
  11 hobgoblins
  2 jackals (D:2)
  2 quokkas
  4 bats
  3 frilled lizards
  5 kobolds
  4 rats
55 creatures vanquished.

Notes
Turn   | Place    | Note
-------+----------+-------------------------------------------
     0 | D:1      | Ereth the Hill Orc Fighter began the quest for the Orb.
     0 | D:1      | Reached XP level 1. HP: 19/19 MP: 1/1
   118 | D:1      | Reached XP level 2. HP: 22/27 MP: 2/2
   733 | D:2      | Noticed Robin
   738 | D:1      | Reached XP level 3. HP: 24/33 MP: 3/3
  1197 | D:2      | Killed Robin
  1238 | D:2      | Reached XP level 4. HP: 38/40 MP: 4/4
  1837 | D:2      | Found a faded altar of an unknown god.
  1862 | D:2      | Found a burning altar of Makhleb.
  1863 | D:2      | Found a sparkling altar of Nemelex Xobeh.
  2392 | D:3      | Noticed Sigmund
  2411 | D:3      | HP: 2/40 [poisoned by Sigmund]
  2412 | D:3      | Succumbed to Sigmund's poison

Levels and vault maps discovered:
D:1:      dpeg_arrival_ternary, layout_basic, hangedman_decor_points,
          serial_bayou_pond_e, minmay_small_reverse_x
D:2:      layout_basic, gammafunk_temple_overflow_wave,
          chequers_ecumenical_altar_simple, uniq_robin
D:3:      layout_basic, old_standard_altar, uniq_sigmund, uniq_grinder

Skill      XL: |  1  2  3  4 |
---------------+-------------+-----
Axes           | 3 4 |  4.4
Fighting       | 4 |  4.1
Armour         | 4 |  4.1
Dodging        | |  0.7
Shields        | |  3.7

Action                   |  1- 3 |  4- 6 || total
-------------------------+-------+-------++-------
Melee: War axe           |    92 |    74 ||   166
  Use: Scroll            |       |     7 ||     7
       Potion            |       |     2 ||     2
  Eat: Chunk             |     1 |     4 ||     5
Armor: Scale mail        |    41 |    51 ||    92
Dodge: Dodged            |    39 |    24 ||    63
Block: Shield            |    44 |    36 ||    80
